 Dungeon Crawl Stone Soup version 0.28-a0-1624-g820543e53a (webtiles) character file.

Game seed: 12186900426625325016

126 frimble the Grasshopper (level 4, -3/34 HPs)
             Began as a Demonspawn Warper on Jan 23, 2022.
             Slain by an orc (7 damage)
             ... on level 3 of the Dungeon.
             The game lasted 00:02:29 (3721 turns).

frimble the Grasshopper (Demonspawn Warper)         Turns: 3721, Time: 00:02:30

Health: -3/34      AC:  3    Str: 13    XL:     4   Next: 84%
Magic:  5/7        EV: 12    Int: 14    God:
Gold:   94         SH:  0    Dex: 13    Spells: 5/7 levels left

rFire   . . .      SeeInvis .   a - +0 short sword
rCold   . . .      Faith    .   (no shield)
rNeg    . . .      Spirit   .   b - +0 leather armour
rPois   .          Reflect  .   (no helmet)
rElec   .          Harm     .   (no cloak)
rCorr   .          Rampage  .   (no gloves)
Will    .....                   (no boots)
Stlth   +.........              (no amulet)
HPRegen 0.11/turn               (no ring)
MPRegen 0.10/turn               (no ring)

@: no status effects
A: spiny 2
a: no special abilities


You were on level 3 of the Dungeon.
You visited 1 branch of the dungeon, and saw 3 of its levels.

You collected 94 gold pieces.

Inventory:

Hand Weapons
 a - a +0 short sword (weapon)
Missiles
 d - 4 boomerangs of dispersal (quivered)
Armour
 b - a +0 leather armour (worn)
Jewellery
 j - a ring of fire
 l - the amulet "Ogra" {Reflect Rampage Str+4 Int-5 SH+5}
   (You found it on level 3 of the Dungeon)

   [amulet of reflection]

   It reflects blocked missile attacks.
   Str:       It affects your strength (+4).
   Int:       It affects your intelligence (-5).
   SH:        It affects your SH (+5).
   Rampage:   It bestows one free step when moving towards enemies.
Scrolls
 c - a scroll of blinking
 h - 2 scrolls of teleportation {unknown}
 i - 3 scrolls of identify {unknown}
 m - a scroll of silence {unknown}
 o - a scroll of holy word {unknown}
Potions
 e - a potion of might {unknown}
 f - a potion of curing {unknown}
 g - a potion of brilliance {unknown}
 k - a potion of degeneration {unknown}
 n - a potion of lignification {unknown}


   Skills:
 + Level 2.3 Fighting
 + Level 2.7 Short Blades
 + Level 2.0 Throwing
 - Level 1.0 Armour
 - Level 2.4 Dodging
 - Level 2.0 Spellcasting
 + Level 3.4 Translocations


You had 5 spell levels left.
You knew the following spells:

 Your Spells              Type           Power      Damage    Failure   Level
a - Blink                 Tloc           22%        N/A       11%         2

Your spell library contained the following spells:

 Spells                   Type           Power      Damage    Failure   Level
 Gell's Gravitas          Tloc           11%        N/A       22%         3
 Lesser Beckoning         Tloc           11%        N/A       22%         3
 Teleport Other           Tloc           11%        N/A       22%         3
 Manifold Assault         Tloc           11%        N/A       90%         5


Dungeon Overview and Level Annotations

Branches:
Dungeon (3/15)

Altars:
Xom

Shops:
D:1 (


Innate Abilities, Weirdness & Mutations

You are mostly covered in sharp spines.


Message History

You are too injured to fight recklessly!
You are too injured to fight recklessly!
You barely miss the orc. The orc barely misses you.
Found a stone staircase leading up.
The orc is struck by your spines. The orc barely misses you.
You hit the orc.
You kill the orc!
You barely miss the orc. The orc completely misses you.
You closely miss the orc. The orc is struck by your spines.
The orc closely misses you.
You hit the orc but do no damage.
The orc is heavily wounded.
The orc hits you with a +0 war axe!
You hit the orc.
The orc is almost dead.
You hit the orc.
You kill the orc!
You hit the orc but do no damage. The orc misses you.
You hit the orc.
The orc is heavily wounded.
The orc is struck by your spines.
You kill the orc!
The orc hits you with a +0 flail.
Items here: ))) [[ ††.
You hit the orc but do no damage. The orc barely misses you.
You hit the orc but do no damage. The worm bites you!
* * * LOW HITPOINT WARNING * * *
The orc closely misses you.
Casting: Blink (safe; 12% risk of failure)
Confirm with . or Enter, or press ? or * to list all spells.
You blink.
The orc is struck by your spines. The orc hits you with a +0 flail.
* * * LOW HITPOINT WARNING * * *
There is a stone staircase leading up here.
You hit the orc.
The orc is almost dead.
The orc barely misses you. The orc is struck by your spines.
You kill the orc!
You feel stable enough to blink again.
You hit the orc but do no damage. The orc hits you with a +0 flail!
You die...

.......###.###........#
.......o##)#
##.....#######
#.##.#####...........
#............########
####+####.#w.....##.#
+.......'.#)........#
#.#...#.###<.....####
#.#._.#.# #o.....#
###.#...#.# #@##.###
#.'.......+ #....#
##.####+#### ####.#
#......... # #
#.###.#### #.#...# #
#.#.#.## .
#......####.#
##.###........


You could see a worm and an orc.

Vanquished Creatures
  A gnoll (D:1)
  3 adders
  6 worms
  3 dart slugs
  4 orcs (D:3)
  6 ball pythons
  6 bats
  5 endoplasms
  4 giant cockroaches
  5 goblins
  2 hobgoblins
  4 jackals (D:3)
  5 kobolds
  A quokka (D:2)
  A frilled lizard (D:3)
  4 rats
60 creatures vanquished.

Vanquished Creatures (others)
  A plant (D:1)
1 creature vanquished.

Grand Total: 61 creatures vanquished

Notes
Turn   | Place    | Note
-------+----------+-------------------------------------------
     0 | D:1      | frimble the Demonspawn Warper began the quest for the Orb.
     0 | D:1      | Reached XP level 1. HP: 16/16 MP: 3/3
    33 | D:1      | Reached skill level 1 in Throwing
    49 | D:1      | Reached skill level 1 in Armour
   260 | D:1      | Gained mutation: You are partially covered in sharp spines.
                  | [demonic ancestry]
   260 | D:1      | Reached XP level 2. HP: 22/22 MP: 5/5
   282 | D:1      | Found Bopne's Antique Weapon Shoppe.
   629 | D:1      | Reached skill level 3 in Translocations
   629 | D:1      | Reached XP level 3. HP: 8/27 MP: 6/6
  1483 | D:2      | Found a faded altar of an unknown god.
  2157 | D:2      | Gained mutation: You are mostly covered in sharp spines.
                  | [demonic ancestry]
  2157 | D:2      | Reached XP level 4. HP: 21/33 MP: 7/7
  3293 | D:3      | Identified the amulet "Ogra" {Reflect Rampage Str+4 Int-5
                  | SH+5}
  3369 | D:3      | Learned a level 2 spell: Blink
  3682 | D:3      | Found a shimmering altar of Xom.
  3721 | D:3      | Slain by an orc

Illustrated notes

Levels and vault maps discovered:
D:1:      onia_arrival_mini_maze_b, layout_rooms, serial_shops,
          nicolae_shop_temple_entry_statues_fountains, serial_bayou_lagoon_a,
          st_stairs_6
D:2:      layout_basic, hellmonk_ecumenical_altar_arch_garden
D:3:      layout_loops_ring, mainiacjoe_overflow_six_doors_small,
          hangedman_decor_points, roderic_lattice_a, minmay_misc_feat_hallway

Skill      XL: |  1  2  3  4 |
---------------+-------------+-----
Throwing       | 1 2 |  2.0
Armour         | 1 |  1.0
Short Blades   | 2 |  2.7
Dodging        | 2 |  2.4
Translocations | 3 |  3.4
Fighting       | |  2.3
Spellcasting   | |  2.0

Action                   |  1- 3 |  4- 6 || total
-------------------------+-------+-------++-------
Melee: Short sword       |   115 |    54 ||   169
       Punch             |       |     2 ||     2
Throw: Boomerang         |     1 |       ||     1
 Cast: Blink             |       |     1 ||     1
Armor: Leather armour    |    16 |     7 ||    23
Dodge: Dodged            |    46 |    20 ||    66

Table legend: (Time is in decaauts)
 A = Elapsed time spent in this place.
 B = Non-inter-level travel time spent in this place.
 C = Inter-level travel time spent in this place.
 D = Time resting spent in this place.
 E = Time spent auto-exploring this place.
 F = Levels seen in this place.
 G = Mean time per level.
                   A        B        C        D        E       F      G
               +--------+--------+--------+--------+--------+-----+--------+
         Total |   3720 |   3654 |     66 |      0 |   3249 |   3 | 1240.0 |
       Dungeon |   3720 |   3654 |     66 |      0 |   3249 |   3 | 1240.0 |
               +--------+--------+--------+--------+--------+-----+--------+

Top non-repeatable levels by time:
     D:2: 1861 daAuts
     D:1: 1431 daAuts
     D:3: 427 daAuts
